Map: 潜水艇-天梯版

Players

Nanase

  • Race: Terran Terran
  • League: Diamond

allllllllen - Winner!

  • Race: Zerg Zerg
  • League: Platinum

VOD

Have the link to the VOD?

Description

Time

  • Played on: July 29, 2020, 2:13 a.m.
  • Length: 17:47
Show
View Real Time Build Order
Export as new Build Order

Nanase Terran 

Build Orders: Reaper Expand, Hellion Banshee 

Get SALT Encoding   

  12  0:00  SCV  
  13  0:12  SCV  
  14  0:17  Supply Depot  
  14  0:24  SCV  
  15  0:38  SCV  
  15  0:40  Barracks  
  16  0:44  Refinery  
  16  0:50  SCV  
  17  1:03  SCV  
  18  1:15  SCV  
  19  1:27  Orbital Command  
  19  1:28  Reaper  
  20  1:40  Command Center  
  20  1:52  SCV, Supply Depot  
  21  2:01  Barracks Reactor  
  21  2:08  SCV  
  22  2:22  SCV  
  23  2:23  Factory  
  23  2:34  SCV  
  24  2:38  Command Center  
  24  2:39  Marine x2  
  26  2:45  Refinery  
  26  2:47  SCV  
  27  2:59  SCV, Orbital Command  
  27  3:02  Marine  
  27  3:04  Marine  
  30  3:14  Starport  
  30  3:16  SCV  
  31  3:28  SCV  
  31  3:29  SCV  
  33  3:40  Hellion x2  
  33  3:41  SCV  
  38  3:43  SCV  
  38  3:45  Barracks Tech Lab  
  38  3:47  Supply Depot  
  39  3:51  Orbital Command  
  39  3:53  SCV  
  40  4:01  Hellion  
  42  4:03  SCV, Hellion  
  42  4:06  SCV  
  42  4:09  Supply Depot  
  46  4:12  Banshee  
  49  4:19  SCV x3  
  52  4:28  Hellion x2  
  56  4:32  SCV x2  
  56  4:33  SCV  
  56  4:35  Barracks Tech Lab  
  56  4:36  Supply Depot  
  59  4:44  SCV, Engineering Bay  
  59  4:45  SCV  
  61  4:46  Engineering Bay  
  61  4:47  SCV  
  62  4:55  Banshee  
  62  4:56  Stimpack  
  62  4:57  Marine  
  66  5:01  SCV x3  
  69  5:12  Barracks  
  69  5:13  SCV x2, Refinery  
  71  5:14  Refinery  
  71  5:15  Terran Infantry Weapons Level 1  
  71  5:17  Terran Infantry Armor Level 1  
  71  5:18  Factory Tech Lab  
  71  5:28  Orbital Command  
  71  5:29  SCV x2  
  73  5:41  SCV x2  
  75  5:46  Marauder  
  75  5:47  Barracks  
  75  5:48  Barracks  
  77  5:52  Siege Tank  
  77  5:53  SCV x2  
  82  5:58  Barracks  
  82  6:01  Supply Depot  
  82  6:12  SCV x2  
  82  6:16  SCV  
  85  6:22  Supply Depot  
  85  6:24  SCV x2, Marine  
  88  6:26  Supply Depot  
  88  6:27  Supply Depot, Marine x2  
  88  6:28  Supply Depot  
  88  6:31  Armory  
  90  6:42  Marine  
  90  6:45  Marine x2  
  90  6:46  SCV x2  
  90  6:47  SCV  
  96  6:48  Marine x2  
  96  6:53  Combat Shield  
  98  6:58  SCV  
  99  7:01  Marine  
  99  7:02  Marine x2  
  99  7:03  Concussive Shells, Marine  
  103  7:09  Refinery  
  103  7:10  Refinery  
  103  7:12  Barracks x2  
  103  7:14  SCV x3  
  103  7:15  Marine x2  
  108  7:19  Marine  
  109  7:25  Starport Reactor  
  109  7:27  Factory Reactor  
  109  7:29  Marine x2  
  111  7:31  Marine  
  111  7:36  Barracks  
  112  7:37  Barracks x2  
  112  7:40  Marine  
  112  7:41  Command Center, Marine x2  
  112  7:42  Terran Infantry Armor Level 2, Terran Infantry Weapons Level 2  
  115  7:46  Marine  
  116  7:52  SCV x2  
  118  7:59  Marauder  
  118  8:00  Marauder, Marine x3  
  125  8:38  Marine  
  125  8:39  Marine x2  
  125  8:40  Marine x3  
  125  8:41  Marauder x2  
  105  8:51  Missile Turret  
  105  8:52  Missile Turret  
  105  8:53  Marine  
  105  8:54  Marine x2  
  108  8:56  Marine  
  108  8:57  Missile Turret, Marine x2  
  108  8:58  Orbital Command, Marine x3  
  108  8:59  Missile Turret  
  108  9:00  Missile Turret x2  
  108  9:02  Marauder x2  
  118  9:04  Widow Mine x2  
  118  9:08  Terran Vehicle Weapons Level 1  
  122  9:11  Medivac x2, Marine x2  
  122  9:12  Marine  
  122  9:13  Command Center  
  122  9:14  Marine  
  122  9:15  Marine x2  
  122  9:16  Marine  
  133  9:18  Marine  
  133  9:24  Marauder x2  
  138  9:26  Marine  
  138  9:29  Marine  
  140  9:34  Marine  
  140  9:36  Marauder, Marine x4, Widow Mine x2  
  147  9:39  Marine  
  147  9:41  Medivac  
  147  9:43  Marine  
  148  9:46  Marine x2  
  148  9:47  Marine  
  148  9:52  Marine  
  151  9:53  Medivac, Marine x2  
  151  9:54  Marine  
  156  10:00  Supply Depot x2  
  156  10:02  Supply Depot  
  156  10:04  Marine x3  
  156  10:05  Terran Infantry Weapons Level 3, Widow Mine x2  
  163  10:09  Terran Infantry Armor Level 3  
  163  10:11  Medivac  
  161  10:15  Orbital Command  
  161  10:26  Widow Mine  
  132  10:38  Marine  
  132  10:39  Marauder, Marine x3  
  132  10:40  Marauder  
  113  10:42  Marine  
  113  10:43  Marauder, Marine x3  
  117  10:52  Widow Mine x2  
  117  10:56  Marine x2  
  117  10:57  SCV x2, Marine x2  
  123  10:58  SCV  
  123  11:00  Marine x4  
  123  11:01  Marine x2  
  127  11:04  Marine  
  108  11:14  Marine x3  
  108  11:15  Marine  
  108  11:16  Widow Mine x2  
  108  11:18  Medivac, Marine x5  
  116  11:19  Medivac, Marine  
  116  11:20  SCV x2  
  116  11:22  Marine  
  129  11:39  Marine  
  126  11:40  Marine x3  
  126  11:41  Marauder x2  
  126  11:48  Marine x2  
  126  11:49  Marauder, Marine x2  
  127  11:57  Widow Mine, Marine x2  
  127  11:58  Marine x2  
  127  12:00  SCV x2  
  127  12:01  SCV  
  136  12:02  Marauder, Marine  
  136  12:06  Marine x3  
  136  12:07  Marine  
  143  12:08  Supply Depot  
  143  12:10  Supply Depot, Marine  
  143  12:14  Widow Mine  
  143  12:15  Marine x2  
  146  12:16  Marine x2  
  146  12:17  SCV x4  
  146  12:20  Marine  
  155  12:23  Marine  
  155  12:24  Marine x2  
  155  12:26  Marine x2  
  155  12:28  Marine  
  155  12:29  SCV  
  162  12:33  Marine x3  
  162  12:34  Marine  
  166  12:37  Marine  
  149  12:47  Marine x2  
  149  12:48  Marine x4  
  149  12:50  Medivac x2, Widow Mine x2  
  149  12:51  SCV, Marine x4  
  157  12:52  SCV x3  
  157  12:55  Marine  
  165  13:05  Marine x3  
  163  13:09  Marauder, Marine  
  163  13:26  Marine x7  
  163  13:27  Marine x3  
  142  13:45  Marine x5  
  142  13:46  Marine x6  
  142  13:48  Medivac x2, Widow Mine x2  
  139  14:03  Marine x11  
  136  14:16  Widow Mine  
  131  14:21  Marine x11  
  140  14:24  Refinery  
  140  14:25  Refinery  
  140  14:28  Widow Mine  
  142  14:37  Widow Mine  
  144  14:38  Marine  
  144  14:39  Marine x10  
  155  14:56  Marine x2  
  155  14:57  Marine x9  
  135  15:10  Medivac x2, Widow Mine x2  
  142  15:14  Marine x5  
  142  15:15  Marine x6  
  132  15:32  Marine x9  
  132  15:33  Marine x2  
  120  15:42  Liberator x2  
  112  15:50  Marine x9  
  118  15:59  Barracks Tech Lab  
  118  16:01  Barracks Tech Lab  
  117  16:07  Marine  
  117  16:08  Marine x3  
  117  16:09  Marauder x3  
  129  16:17  Marine  
  98  16:22  Marine  
  95  16:25  Marine x2  
  95  16:26  Marine x2  
  95  16:30  Marauder x2, Marine  
  104  16:35  Marine  
  105  16:40  Marine  
  105  16:43  Medivac, Marine x2, Widow Mine x2  
  105  16:44  Medivac, Marine x2  
  118  16:47  Orbital Command  
  118  16:48  Marauder  
  118  16:51  Marauder x2  
  118  16:53  Marauder  
  126  16:58  Marine  
  126  17:01  Marine x3  
  130  17:09  Marauder  
  130  17:12  Barracks Tech Lab  
  130  17:13  Marauder x2  
  132  17:24  Marauder  
  132  17:25  Marauder, Marine  
Show
View Real Time Build Order
Export as new Build Order

allllllllen Zerg - Winner!

Build Orders: Hatch First, Muta Ling Bane 

Get SALT Encoding   

  12  0:01  Drone  
  13  0:12  Overlord  
  13  0:17  Drone  
  14  0:31  Drone x2  
  14  0:34  Drone  
  17  0:51  Hatchery  
  17  0:56  Drone  
  17  0:58  Drone  
  18  1:10  Extractor  
  17  1:13  Spawning Pool  
  17  1:15  Drone  
  17  1:19  Drone  
  18  1:28  Drone  
  19  1:39  Overlord  
  19  2:00  Queen  
  21  2:01  Zergling x4  
  21  2:03  Queen  
  21  2:04  Drone  
  26  2:19  Metabolic Boost  
  26  2:22  Hatchery  
  26  2:28  Drone  
  26  2:31  Drone  
  26  2:32  Drone  
  28  2:41  Drone x3  
  31  2:54  Queen  
  31  2:56  Drone  
  34  3:00  Drone  
  34  3:01  Drone  
  34  3:03  Overlord  
  36  3:07  Overlord  
  36  3:21  Queen  
  38  3:27  Drone x5  
  38  3:28  Drone x2  
  45  3:39  Drone x2  
  45  3:40  Drone x2  
  49  3:41  Queen  
  51  3:48  Extractor  
  51  3:52  Baneling Nest  
  49  3:57  Extractor  
  48  4:03  Lair  
  48  4:05  Drone x4  
  48  4:06  Drone x3  
  48  4:09  Zergling x2  
  56  4:14  Overlord  
  56  4:15  Extractor  
  55  4:21  Drone x2  
  55  4:22  Drone  
  58  4:31  Spore Crawler  
  57  4:34  Queen  
  57  4:35  Spore Crawler  
  57  4:37  Spore Crawler  
  57  4:38  Drone  
  58  4:39  Spore Crawler, Drone  
  58  4:40  Overlord x2  
  58  5:03  Zergling x8  
  58  5:04  Zergling x4  
  64  5:19  Overlord  
  64  5:21  Hatchery  
  64  5:24  Zergling x6  
  66  5:31  Baneling x2, Spire  
  66  5:33  Drone x4  
  66  5:34  Drone x5  
  74  5:46  Drone  
  74  5:47  Drone x3  
  78  5:50  Baneling x2  
  78  5:52  Drone x2  
  80  6:14  Extractor  
  80  6:15  Drone x3, Extractor  
  81  6:19  Drone  
  81  6:21  Overlord x6  
  82  6:27  Baneling x6  
  82  6:28  Baneling  
  82  6:37  Drone x2  
  84  6:42  Overseer x2  
  84  6:44  Centrifical Hooks  
  84  6:46  Zergling x14  
  84  6:47  Zergling x2  
  92  6:59  Drone x3  
  92  7:00  Drone x11  
  92  7:01  Queen  
  106  7:07  Drone  
  109  7:10  Zerg Flyer Weapons Level 1  
  109  7:11  Overlord  
  109  7:24  Drone x2  
  111  7:34  Mutalisk x5  
  111  7:35  Mutalisk x5  
  131  7:42  Evolution Chamber x2  
  129  7:45  Drone x2, Extractor  
  129  7:46  Drone x4, Extractor  
  133  7:58  Overlord x2  
  133  7:59  Overlord x2, Mutalisk x5  
  133  8:03  Hatchery  
  142  8:12  Overlord  
  142  8:19  Zerg Melee Weapons Level 1  
  142  8:20  Zerg Ground Armor Level 1  
  138  8:29  Zergling x20  
  138  8:30  Zergling x4  
  138  8:32  Zergling x2  
  138  8:33  Zergling x4  
  151  8:35  Zergling x2  
  137  8:45  Zergling x2  
  137  8:46  Zergling x20  
  141  8:50  Baneling  
  141  8:51  Baneling x7  
  141  8:59  Infestation Pit  
  141  9:01  Drone x2  
  142  9:27  Drone x2  
  142  9:28  Drone x5  
  142  9:30  Zergling x2  
  142  9:31  Zergling x22  
  159  9:53  Baneling x2  
  159  9:58  Zergling x12  
  159  9:59  Zergling x2  
  166  10:01  Hive  
  166  10:03  Zerg Flyer Weapons Level 2  
  166  10:12  Overlord x3  
  166  10:13  Overlord x4  
  166  10:17  Baneling x2  
  166  10:18  Baneling x2  
  166  10:19  Baneling  
  166  10:20  Overseer, Baneling x3  
  166  10:34  Zergling x28  
  166  10:35  Zergling x8  
  159  10:40  Zergling x2  
  139  10:45  Zergling x18  
  139  10:48  Queen  
  147  10:51  Zerg Ground Armor Level 2, Zerg Melee Weapons Level 2  
  147  10:54  Zergling x2  
  143  11:15  Adrenal Glands  
  143  11:20  Ultralisk Cavern  
  142  11:26  Zergling x2  
  142  11:27  Zergling x32  
  128  11:47  Mutalisk  
  128  11:48  Mutalisk x7  
  128  11:51  Zergling x18  
  128  11:52  Zergling x2  
  151  12:09  Zergling x2  
  151  12:10  Zergling x4  
  151  12:13  Hatchery, Baneling x15  
  153  12:19  Zergling x14  
  153  12:20  Zergling x4, Extractor  
  153  12:21  Chitinous Plating  
  161  12:24  Overlord  
  161  12:25  Overlord x2  
  161  12:26  Zergling x2  
  152  12:39  Zergling x2, Extractor  
  121  12:51  Zergling x2, Drone  
  121  12:52  Zergling x30  
  121  12:56  Baneling x6  
  137  12:59  Zergling x2  
  137  13:02  Zergling x2  
  137  13:04  Zergling x2  
  137  13:05  Zergling x14  
  146  13:09  Queen  
  146  13:10  Zergling x4  
  150  13:14  Zergling x2  
  142  13:21  Zergling x2  
  142  13:24  Zergling x2  
  135  13:28  Zergling x2  
  135  13:30  Zerg Melee Weapons Level 3  
  135  13:31  Zerg Ground Armor Level 3  
  136  13:35  Zergling x2  
  136  13:40  Zergling x2, Anabolic Synthesis  
  127  13:41  Zergling x2  
  127  13:42  Zergling x22  
  127  13:47  Zergling x2  
  124  13:55  Zergling x2  
  124  13:56  Zergling x14  
  124  13:59  Zergling x2  
  122  14:03  Zergling x2  
  122  14:04  Zergling x2  
  122  14:06  Corruptor  
  122  14:07  Corruptor x5  
  125  14:12  Ultralisk  
  125  14:13  Ultralisk x2  
  133  14:19  Ultralisk x6  
  133  14:22  Baneling  
  133  14:23  Baneling x2  
  162  14:29  Queen  
  164  14:32  Ultralisk x5  
  194  14:39  Overseer x2  
  194  14:45  Overlord x4  
  189  14:53  Zergling x2  
  189  14:54  Zergling x8  
  189  14:59  Extractor  
  182  15:00  Extractor  
  182  15:01  Zergling x2  
  182  15:07  Zergling x8  
  182  15:08  Zergling x14  
  193  15:15  Hatchery  
  193  15:18  Zergling x12  
  193  15:19  Zergling x2  
  199  15:23  Zergling x2  
  199  15:24  Zergling x2  
  172  15:38  Zergling x2  
  172  15:39  Zergling x34  
  172  15:41  Baneling  
  172  15:42  Baneling x7  
  190  15:49  Zergling x12  
  196  16:00  Drone  
  197  16:07  Zergling x8  
  199  16:17  Zergling x2  
  199  16:18  Zergling x8  
  195  16:20  Zergling x2  
  195  16:21  Zergling x14  
  195  16:24  Zergling x6  
  200  16:29  Baneling x5  
  200  16:30  Baneling x3  
  200  16:36  Hatchery  
  199  16:50  Drone  
  199  16:52  Baneling x2  
  199  16:53  Baneling x7  
  200  16:57  Zergling x2  
  200  16:58  Zergling x4  
  200  16:59  Overseer x2  
  195  17:17  Zergling x10  
  195  17:22  Hatchery  
Tags
 
Add a new tag
Caveats
  • Supply blocks, unpowered buildings, or Contaminate may cause inaccurate times.
  • Supply counts are checked every 10 seconds.